 Dungeon Crawl Stone Soup version 0.30-a0-40-gc6d0f036a7 (webtiles) character file.

Game seed: 5010712902364568843

87404 robertstho the Brawler (level 15, -1/225 HPs)
             Began as a Troll Berserker on Aug 29, 2022.
             Was a High Priest of Trog.
             Slain by a polar bear (4 damage)
             ... summoned by a spriggan berserker
             ... on level 15 of the Dungeon.
             The game lasted 00:45:30 (19317 turns).

robertstho the Brawler (Troll Berserker)           Turns: 19317, Time: 00:45:31

Health: -1/225     AC: 16    Str: 35    XL:     15   Next: 43%
Magic:  1/14       EV: 13    Int:  7    God:    Trog [*****.]
Gold:   741        SH:  8    Dex: 17    Spells: 14/14 levels left

rFire   . . .      SeeInvis .      - Unarmed
rCold   . . .      Faith    .    G - +0 kite shield
rNeg    . . .      Spirit   .    Z - +0 acid dragon scales
rPois   .          Reflect  .    D - +1 hat of Plasticity {Contam Int+2 Dex+6}
rElec   .          Harm     .    C - scarf {repulsion}
rCorr   +          Rampage  .    (gloves unavailable)
Will    ++...                    (boots unavailable)
Stlth   ..........               (no amulet)
HPRegen 1.27/turn                w - +4 ring of protection
MPRegen 0.14/turn                a - ring of Hospitality {Will+ Str+4}

@: berserking (expiring), repel missiles, very quick
A: large, unfitting armour, claws 3, regeneration 1, shaggy fur 1, tough skin 1
a: Renounce Religion, Berserk, Trog's Hand, Brothers in Arms


You were on level 15 of the Dungeon.
You worshipped Trog.
Trog was extremely pleased with you.
You visited 2 branches of the dungeon, and saw 20 of its levels.
You also visited: Bailey, Gauntlet and Volcano.

You collected 1305 gold pieces.
You spent 564 gold pieces at shops.

Inventory:

Hand Weapons
 z - a +1 scimitar of flaming
 K - the +5 hand axe of the Two Names {spect, Contam rElec Dex+5}
   (You found it on level 5 of the Dungeon)

   When its wielder attacks, the weapon's spirit leaps out and strikes again.
   The spirit shares a part of any damage it takes with its wielder.
   Dex:       It affects your dexterity (+5).
   rElec:     It insulates you from electricity.
   Contam:    It causes magical contamination when unequipped.
 Y - a +4 vorpal giant spiked club
Missiles
 b - 24 large rocks (quivered)
Armour
 y - a +2 robe of positive energy
 B - a +2 robe of cold resistance
 C - a scarf of repulsion (worn)
 D - the +1 hat of Plasticity (worn) {Contam Int+2 Dex+6}
   (You found it on level 6 of the Dungeon)

   Int:       It affects your intelligence (+2).
   Dex:       It affects your dexterity (+6).
   Contam:    It causes magical contamination when unequipped.
 G - a +0 kite shield (worn)
 L - a +0 robe of fire resistance
 U - an orb of light
 Z - +0 acid dragon scales (worn)
Jewellery
 a - the ring of Hospitality (right claw) {Will+ Str+4}
   (You found it on level 10 of the Dungeon)

   [ring of willpower]

   Str:       It affects your strength (+4).
   Will:      It increases your willpower.
 g - a ring of protection from cold
 i - a ring of protection from fire
 w - a +4 ring of protection (left claw)
 J - a +4 ring of protection
 M - a ring of poison resistance
 O - a ring of see invisible
 R - the ring of the Leaf {Fly rCorr}
   (You found it in a Gauntlet)

   [ring of flight]

   Fly:       It grants you flight.
   rCorr:     It protects you from acid and corrosion.
 S - a ring of fire
Wands
 r - a wand of iceblast (12)
 F - a wand of paralysis (14)
 N - a wand of mindburst (15)
 X - a wand of flame (9)
Scrolls
 d - 6 scrolls of poison
 e - 5 scrolls of identify
 f - 2 scrolls of butterflies
 j - 2 scrolls of summoning
 l - 4 scrolls of immolation
 n - 9 scrolls of teleportation
 o - 3 scrolls of enchant armour
 p - 2 scrolls of brand weapon
 q - 5 scrolls of fear
 E - 4 scrolls of enchant weapon
 I - 4 scrolls of silence
 T - 2 scrolls of magic mapping
 V - 2 scrolls of blinking
 W - 2 scrolls of torment
Potions
 c - 3 potions of haste
 h - 5 potions of magic
 k - 2 potions of lignification
 m - 2 potions of curing
 s - 4 potions of attraction
 t - 2 potions of cancellation
 u - 6 potions of might
 v - 6 potions of mutation
 x - 10 potions of ambrosia
 A - a potion of berserk rage
 H - 2 potions of invisibility
 P - 2 potions of flight
 Q - a potion of heal wounds


   Skills:
 * Level 10.3 Fighting
 + Level 2.5 Long Blades
 + Level 1.6 Maces & Flails
 + Level 0.6 Throwing
 * Level 12.7 Armour
 + Level 9.5 Dodging
 + Level 3.9 Stealth
 + Level 1.5 Shields
 + Level 18.3 Unarmed Combat
 + Level 0.9 Evocations


You had 14 spell levels left.
You didn't know any spells.
Your spell library was empty.

Dungeon Overview and Level Annotations

Branches:
Dungeon (15/15)            Temple (0/1) D:5            Lair (5/5) D:8
 Shoals (0/4) Lair:2       Spider (0/4) Lair:2        Slime (0/5) Lair:4
    Orc (0/2) D:10         Vaults (0/5) D:13         Depths (0/4) D:15
 Bailey (visited)         Volcano (visited)         Gauntlet (visited)

Altars:
Fedhas
Gozag
Makhleb
Nemelex Xobeh
Ru
Lugonu

Shops:
D:4 [   D:14 ?

Portals:
Abyss: Lair:5
Trove: D:10 (give 7 scrolls of blinking)

Annotations:
D:6 Vault with hat


Innate Abilities, Weirdness & Mutations

You are too large for most types of armour.
You have claws for hands.
Your natural rate of healing is unusually fast.
You are covered in fur. (AC +1)
You have tough skin. (AC +1)


Message History

You kill the spriggan berserker!
Trog accepts your kill. The polar bear bites you.
* * * LOW HITPOINT WARNING * * *
The polar bear barely misses you.
The polar bear claws you but does no damage.
The spriggan berserker hits you but does no damage.
The death yak gores you!
* * * LOW HITPOINT WARNING * * *
You closely miss the spriggan berserker.
The spriggan berserker utters an invocation to Trog.
The polar bear goes berserk!
Unknown command.
You eviscerate the spriggan berserker!!!
You kill the spriggan berserker!
Trog accepts your kill.
The death yak is no longer berserk.
The death yak disappears in a puff of smoke!
The polar bear is no longer berserk.
The polar bear disappears in a puff of smoke!
The death yak gores you!!
* * * LOW HITPOINT WARNING * * *
You block the spriggan berserker's attack.
You miss the spriggan berserker. The death yak barely misses you.
The polar bear bites you!!
* * * LOW HITPOINT WARNING * * *
You block the polar bear's attack. x2
Unknown command.
You barely miss the spriggan berserker. The death yak closely misses you.
The spriggan berserker mumbles some strange prayers to Trog.
The spriggan berserker goes berserk!
The polar bear barely misses you.
The polar bear claws you but does no damage.
You block the polar bear's attack.
Unknown command.
You scratch the spriggan berserker.
The spriggan berserker is lightly wounded.
The death yak closely misses you.
The spriggan berserker closely misses you.
The polar bear bites you.
You die...

.........#
.........#
.........#
##.......#
+.......######
+...§........#
#....§.......#
#...§§.......#
#....i@......#
#####
......h)Y.....#
.....
.........:...##
....#
.♣♣.....♣♣...#
....# ♣...#...
♣..# ....#
♣..#...#. ..#
....# ♣....). .
.# ....#
♣..#... .. #
....#


You could see a death yak (summoned, berserk), a spriggan berserker (berserk)
and a polar bear (summoned, berserk).

Vanquished Creatures
  Nessos (D:15)
  Azrael (D:13)
  A minotaur (Gauntlet)
  A red draconian (Volcano)
  Harold (D:10)
  Fannar (D:12)
  8 hydras
  2 catoblepae
  8 vault guards (D:13)
  2 centaur warriors
  4 boulder beetles
  3 two-headed ogres
  The ghost of SensoryNuts the Cleaver, a novice DsFi of Gozag (D:7)
  3 death yaks (Lair:5)
  2 spriggan berserkers (D:15)
  3 thrashing horrors (Lair:5)
  Nergalle (Lair:1)
  Sonja (D:10)
  Amaemon (Lair:1)
  A wizard (D:15)
  Pikel (D:7)
  3 deep elf pyromancers
  An orc knight (D:15)
  A necromancer (D:15)
  An oklob plant (Lair:3)
  A manticore (D:12)
  A wolf spider (D:13)
  4 cyclopes
  2 orc sorcerers
  5 ugly things
  3 salamanders (Volcano)
  12 elephants
  The ghost of slphil the Vexing, a novice KoEn (D:6)
  2 naga magi (D:15)
  3 black mambas
  3 molten gargoyles (Volcano)
  Joseph (D:7)
  3 centaur skeletons (D:15)
  Maggie (D:10)
  4 gargoyles
  An orange demon (Lair:1)
  A smoke demon (Lair:5)
  A cane toad (shapeshifter) (D:15)
  6 cane toads
  An unseen horror (D:13)
  2 kobold demonologists
  2 efreet
  3 rime drakes
  10 komodo dragons
  3 tengu conjurers (D:14)
  3 trolls
  2 ancient zymes (Lair:5)
  A polar bear (Lair:5)
  37 blink frogs
  A dream sheep (shapeshifter) (D:14)
  A queen bee (D:11)
  11 slime creatures
  A blink frog (shapeshifter) (Lair:5)
  4 large abominations (Lair:5)
  3 centaur simulacra
  2 shadows
  A spriggan (Lair:5)
  A wraith (D:7)
  A ynoxinul (Lair:5)
  6 basilisks
  A wyvern (Lair:3)
  31 yaks
  7 fire elementals
  2 chaos spawn (Lair:5)
  A golden eye (shapeshifter) (Lair:5)
  2 steam dragons
  5 vampire mosquitoes
  2 wargs (D:15)
  11 water moccasins
  2 acid dragons
  5 hell hounds
  An ice dragon simulacrum (Gauntlet)
  3 black bears
  20 orc warriors
  5 ice beasts
  2 sky beasts
  7 centaurs
  A lemure (D:7)
  4 kobold brigands
  2 phantoms
  13 bullfrogs
  2 scorpions
  3 gnoll sergeants
  9 small abominations (Lair:5)
  5 wights (D:8)
  18 killer bees
  10 electric eels
  5 howler monkeys
  2 hounds (D:5)
  2 jellies
  2 gnoll boudas (D:7)
  4 orc priests
  An iguana (D:7)
  16 orc wizards
  4 hell rats (Lair:2)
  Robin (D:3)
  22 gnolls
  5 adders
  A shadow imp (D:8)
  An ufetubus (D:5)
  6 worms (D:2)
  56 orcs
  3 bats
  10 endoplasms
  2 giant cockroaches
  20 goblins
  15 hobgoblins
  2 jackals (D:1)
  2 quokkas (D:2)
  7 ball pythons
  2 frilled lizards
  23 kobolds
  4 rats
596 creatures vanquished.

Vanquished Creatures (collateral kills)
  2 hydras (Lair:2)
  A molten gargoyle (Volcano)
  A merfolk siren (Lair:2)
  A komodo dragon (Lair:2)
  3 centaurs (D:11)
  A bullfrog (Lair:2)
  3 killer bees (D:11)
12 creatures vanquished.

Vanquished Creatures (others)
  Maurice (D:13)
  A killer bee (D:11)
  14 demonic plants (Gauntlet)
  8 fungi
  18 plants
42 creatures vanquished.

Grand Total: 650 creatures vanquished

Notes
Turn   | Place    | Note
-------+----------+-------------------------------------------
     0 | D:1      | robertstho the Troll Berserker began the quest for the Orb.
     0 | D:1      | Reached XP level 1. HP: 22/22 MP: 0/0
   200 | D:1      | Reached XP level 2. HP: 26/29 MP: 1/1
   204 | D:1      | Found a faded altar of an unknown god.
   550 | D:2      | Reached XP level 3. HP: 36/36 MP: 2/2
   802 | D:2      | Reached ** piety under Trog
   846 | D:2      | Reached skill level 4 in Unarmed Combat
   846 | D:2      | Reached XP level 4. HP: 45/45 MP: 3/3
  1412 | D:3      | Found a blossoming altar of Fedhas.
  1667 | D:3      | Noticed Robin
  1682 | D:3      | Killed Robin
  1809 | D:3      | Found a burning altar of Makhleb.
  2119 | D:4      | Found Ymabilyi's Armour Shoppe.
  2162 | D:4      | Reached XP level 5. HP: 53/53 MP: 4/4
  2277 | D:4      | Noticed an ice beast
  2285 | D:4      | Killed an ice beast
  2286 | D:4      | Reached skill level 1 in Armour
  2286 | D:4      | Reached skill level 5 in Unarmed Combat
  2435 | D:4      | Found a sparkling altar of Nemelex Xobeh.
  2611 | D:5      | Entered Level 5 of the Dungeon
  2648 | D:5      | Noticed a phantom
  2663 | D:5      | Killed a phantom
  2664 | D:5      | Reached XP level 6. HP: 52/61 MP: 5/5
  2759 | D:5      | Found a staircase to the Ecumenical Temple.
  3074 | D:5      | Identified the +5 hand axe of the Two Names {spect, Contam
                  | rElec Dex+5}
  3215 | D:5      | Reached XP level 7. HP: 64/68 MP: 6/6
  3497 | D:6      | Reached skill level 6 in Unarmed Combat
  3656 | D:6      | Reached *** piety under Trog
  3770 | D:6      | Reached XP level 8. HP: 53/78 MP: 7/7
  4008 | D:6      | Found a runed translucent gate.
  4008 | D:6      | Noticed slphil's ghost (novice KoEn)
  4009 | D:6      | Found a runed translucent gate.
  4010 | D:6      | Found a runed translucent gate.
  4205 | D:7      | Reached skill level 7 in Unarmed Combat
  4469 | D:7      | Reached skill level 8 in Unarmed Combat
  4505 | D:7      | Noticed Joseph
  4521 | D:7      | Killed Joseph
  4522 | D:7      | Reached XP level 9. HP: 8/87 MP: 8/8
  4564 | D:7      | Found a runed translucent door.
  4564 | D:7      | Noticed SensoryNuts's ghost (novice DsFi)
  4596 | D:7      | Reached skill level 5 in Fighting
  4644 | D:7      | Noticed Pikel
  4656 | D:7      | Killed Pikel
  4657 | D:7      | Reached skill level 9 in Unarmed Combat
  5204 | D:7      | Killed SensoryNuts's ghost
  5205 | D:7      | Reached skill level 5 in Dodging
  5205 | D:7      | Reached skill level 1 in Stealth
  5210 | D:7      | Reached skill level 5 in Armour
  5210 | D:7      | Reached skill level 10 in Unarmed Combat
  5311 | D:4      | Bought a scarf of repulsion for 132 gold pieces
  5433 | D:6      | Reached **** piety under Trog
  5436 | D:6      | Killed slphil's ghost
  5437 | D:6      | Reached XP level 10. HP: 90/98 MP: 9/9
  5461 | D:6      | Identified the +1 hat of Plasticity {Contam Int+2 Dex+6}
  5596 | D:8      | Found a flagged portal.
  5613 | Bailey   | Entered a bailey
  5831 | Bailey   | Noticed an orc sorcerer
  5851 | Bailey   | Killed an orc sorcerer
  6008 | Bailey   | Reached skill level 11 in Unarmed Combat
  6290 | Bailey   | Found an iron altar of Okawaru.
  6514 | Bailey   | Identified the +3 flail "Zuroqa" {vorpal, Str+3 Dex+2}
  6757 | D:8      | Found a staircase to the Lair.
  6811 | D:8      | Acquired a manual of Armour
  6943 | D:8      | Reached ***** piety under Trog
  6944 | D:8      | Reached XP level 11. HP: 89/107 MP: 10/10
  7367 | D:9      | Reached skill level 12 in Unarmed Combat
  7384 | D:9      | Noticed a two-headed ogre
  7390 | D:9      | Killed a two-headed ogre
  8258 | Lair:1   | Entered Level 1 of the Lair of Beasts
  8282 | Lair:1   | Noticed Amaemon
  8292 | Lair:1   | Killed Amaemon
  8357 | Lair:1   | Found a dark tunnel.
  8364 | Volcano  | Entered a volcano
  8569 | Volcano  | Reached skill level 13 in Unarmed Combat
  8571 | Volcano  | Noticed a deep elf pyromancer
  8581 | Volcano  | Killed a deep elf pyromancer
  8690 | Volcano  | Noticed a red draconian
  8696 | Volcano  | Noticed an orb of fire
  8696 | Volcano  | Noticed an orb of fire
  8704 | Volcano  | Killed a red draconian
  8704 | Volcano  | Received a gift from Trog
  8816 | Volcano  | Reached XP level 12. HP: 92/118 MP: 11/11
  9125 | Lair:1   | Identified the +6 whip of Qaci {freeze, rPois Int+6}
  9138 | Lair:1   | Noticed a catoblepas
  9155 | Lair:1   | Killed a catoblepas
  9308 | Lair:1   | Reached skill level 14 in Unarmed Combat
  9349 | Lair:1   | Noticed an eight-headed hydra
  9359 | Lair:1   | Killed an eight-headed hydra
  9676 | Lair:1   | Noticed Nergalle
  9685 | Lair:1   | Killed Nergalle
 10034 | Lair:2   | Noticed a four-headed hydra
 10051 | Lair:2   | Killed a four-headed hydra
 10066 | Lair:2   | Reached skill level 1 in Maces & Flails
 10129 | Lair:2   | Noticed a four-headed hydra
 10134 | Lair:2   | Killed a four-headed hydra
 10301 | Lair:2   | Reached XP level 13. HP: 123/127 MP: 12/12
 10499 | Lair:2   | Found a staircase to the Shoals.
 10741 | Lair:2   | Found a hole to the Spider Nest.
 10774 | Lair:2   | Reached skill level 15 in Unarmed Combat
 11282 | Lair:3   | Reached skill level 10 in Armour
 11416 | Lair:3   | Found an opulent altar of Gozag.
 12303 | Lair:4   | You fall into a shaft and drop 1 floor!
 12303 | Lair:5   | Entered Level 5 of the Lair of Beasts
 12503 | Lair:4   | Found a gate leading to a gauntlet.
 12512 | Gauntlet | Entered a Gauntlet
 12512 | Gauntlet | Found a large runed translucent door.
 12512 | Gauntlet | Found a large runed translucent door.
 12512 | Gauntlet | Found a large runed translucent door.
 12512 | Gauntlet | Found a large runed translucent door.
 12512 | Gauntlet | Found a runed translucent door.
 12512 | Gauntlet | Found a large runed translucent door.
 12512 | Gauntlet | Found a large runed translucent door.
 12512 | Gauntlet | Found a transporter.
 12512 | Gauntlet | Found a transporter.
 12512 | Gauntlet | Found a large runed translucent door.
 12512 | Gauntlet | Found a large runed translucent door.
 12512 | Gauntlet | Found a runed translucent gate.
 12512 | Gauntlet | Found a runed translucent gate.
 12512 | Gauntlet | Found a transporter.
 12512 | Gauntlet | Found a transporter.
 12516 | Gauntlet | Found a transporter.
 12527 | Gauntlet | Found a transporter.
 12548 | Gauntlet | Found a transporter.
 12570 | Gauntlet | Found a transporter.
 12588 | Gauntlet | Found a transporter.
 12596 | Gauntlet | Found a transporter.
 12613 | Gauntlet | Found a transporter.
 12636 | Gauntlet | Found a runed translucent door.
 12637 | Gauntlet | Found a large runed translucent door.
 12637 | Gauntlet | Found a large runed translucent door.
 12637 | Gauntlet | Found a large runed translucent door.
 12637 | Gauntlet | Found a large runed translucent door.
 12638 | Gauntlet | Found a large runed translucent door.
 12638 | Gauntlet | Found a large runed translucent door.
 12639 | Gauntlet | Found a large runed translucent door.
 12639 | Gauntlet | Found a large runed translucent door.
 12648 | Gauntlet | Found a runed translucent gate.
 12668 | Gauntlet | Found a transporter.
 12726 | Gauntlet | Reached skill level 16 in Unarmed Combat
 12738 | Gauntlet | Identified the ring of the Leaf {Fly rCorr}
 12822 | Gauntlet | Identified the +0 pair of boots "Weos" {Regen+ rCorr
                  | Stlth+}
 12848 | Gauntlet | Noticed a minotaur
 12858 | Gauntlet | Killed a minotaur
 12906 | Lair:4   | Found a staircase to the Slime Pits.
 13907 | Lair:5   | Reached XP level 14. HP: 140/140 MP: 13/13
 14361 | Lair:5   | Found a corrupted altar of Lugonu.
 14361 | Lair:5   | Found a one-way gate to the infinite horrors of the Abyss.
 14861 | D:10     | Entered Level 10 of the Dungeon
 14861 | D:10     | Noticed Sonja
 14864 | D:10     | Killed Sonja
 14961 | D:10     | Noticed Harold
 14970 | D:10     | Killed Harold
 15045 | D:10     | Found a portal to a secret trove of treasure.
 15066 | D:10     | Received a gift from Trog
 15067 | D:10     | Reached skill level 17 in Unarmed Combat
 15153 | D:10     | Found a staircase to the Orcish Mines.
 15195 | D:10     | Noticed Maggie
 15202 | D:10     | Killed Maggie
 15377 | D:10     | Identified the ring of Hospitality {Will+ Str+4}
 15922 | D:11     | Reached skill level 1 in Long Blades
 15972 | D:11     | You fall into a shaft and drop 2 floors!
 16482 | D:12     | Noticed Fannar
 16493 | D:12     | Killed Fannar
 16839 | D:13     | Found a gate to the Vaults.
 16900 | D:13     | Noticed Azrael
 16908 | D:13     | Killed Azrael
 16917 | D:13     | Reached skill level 10 in Fighting
 17036 | D:13     | Reached XP level 15. HP: 149/149 MP: 14/14
 17320 | D:13     | Noticed Maurice
 17331 | D:13     | Killed Maurice
 17615 | D:14     | Found a sacrificial altar of Ru.
 17672 | D:14     | Reached skill level 18 in Unarmed Combat
 18107 | D:14     | Found Hicwil's Magic Scroll Boutique.
 18137 | D:14     | Bought a scroll of torment for 152 gold pieces
 18137 | D:14     | Bought a scroll of fear for 64 gold pieces
 18137 | D:14     | Bought a scroll of identify for 32 gold pieces
 18137 | D:14     | Bought a scroll of identify for 32 gold pieces
 18137 | D:14     | Bought a scroll of summoning for 152 gold pieces
 18668 | D:15     | Entered Level 15 of the Dungeon
 18794 | D:15     | Noticed Nessos
 18869 | D:15     | Killed Nessos
 19067 | D:15     | Reached skill level 1 in Shields
 19086 | D:15     | Received a gift from Trog
 19091 | D:15     | Found a staircase to the Depths.
 19300 | D:15     | Found the +8 Wrath of Trog {antimagic, *Rage Rampage}
 19315 | D:15     | HP: 1/225 [polar bear[a spriggan berserker] (18)]
 19317 | D:15     | Slain by a polar bear

Illustrated notes

Levels and vault maps discovered:
D:1:      dpeg_arrival_castle, layout_rooms,
          hellmonk_ecumenical_altar_pennies_from_heaven, minmay_curled_crystal
D:2:      minmay_chambers_of_twos, layout_loops_ring, serial_park_tiny_1,
          chequers_serial_rivers_micro_c, minmay_misc_feat_ornament
D:3:      layout_loops_ring, fedhas_altar_3, lemuel_crystal_altar, uniq_robin
D:4:      layout_basic, nemelex_diamond_rough_becter, serial_shops, shop
D:5:      layout_cave_pods, minmay_temple_entry_stoned_glass
D:6:      layout_rooms, biasface_ghost_orc_armoury
D:7:      layout_loops_ring, ebering_ghost_inner_flame, uniq_joseph, uniq_pikel
D:8:      layout_cave_pools, erik_lair_dragon, enter_bailey_3
D:9:      layout_roguey
D:10:     layout_roguey, orc_david_3, enter_trove_1, uniq_harold, uniq_maggie,
          uniq_sonja
D:11:     layout_rooms, special_room [special_room_bee]
D:12:     layout_irregular_city, uniq_fannar
D:13:     kennysheep_big_flooded_room, layout_long_grid, erik_vaults_2,
          uniq_maurice, uniq_azrael
D:14:     layout_layer_cave, nicolae_ru_sacrificial_ziggurat, serial_shops,
          shop_scrolls, nicolae_fountain_basement
D:15:     grunt_enter_depths_magical_seal, layout_irregular_city,
          minmay_misc_feat_room, minmay_guarded_unrand_wrath_of_trog,
          uniq_nessos
Lair:1:   layout_cave_pods, nicolae_volcano_entry_hallway, uniq_nergalle,
          uniq_amaemon
Lair:2:   layout_cave_pods, minmay_shoals_entry_lonely_mermaid,
          dummy_spider_entry, serial_bayou_shore_a
Lair:3:   layout_misc_corridors, basic_altar, chequers_serial_rivers_micro_d,
          st_stairs_10, minivault_23, chequers_serial_rivers_room_a,
          nzn_sisyphean_effort
Lair:4:   layout_roguey, slime_entry_1, gauntlet_entry_generic
Lair:5:   hellmonk_lair_end_abyssal_woods, layout_long_grid,
          serial_bayou_crossing

Skill      XL: |  1  2  3  4  5  6  7  8  9 10 11 12 13 14 15 |
---------------+----------------------------------------------+-----
Fighting       | 3 4 5 6 7 8 9 10 | 10.3
Unarmed Combat | 4 5 6 8 10 11 13 14 16 17 18 | 18.3
Armour         | 1 2 3 4 5 6 7 9 11 12 | 12.7
Dodging        | 3 4 5 6 7 8 9 |  9.5
Stealth        | 1 2 3 |  3.9
Maces & Flails | 1 |  1.6
Long Blades    | 2 |  2.5
Shields        | 1 |  1.5
Throwing       | |  0.6
Evocations     | |  0.9

Action                   |  1- 3 |  4- 6 |  7- 9 | 10-12 | 13-15 || total
-------------------------+-------+-------+-------+-------+-------++-------
Melee: Unarmed           |   105 |   135 |   237 |   481 |   879 ||  1837
       Punch             |     2 |     2 |     9 |    37 |    98 ||   148
       Flail             |       |       |       |     8 |     4 ||    12
       Scimitar          |       |       |       |       |    48 ||    48
Throw: Throwing net      |       |       |       |     2 |       ||     2
       Large rock        |       |       |       |     1 |       ||     1
Invok: Berserk           |       |     3 |     6 |    13 |    16 ||    38
       Brothers in Arms  |       |       |       |     3 |     1 ||     4
       Trog's Hand       |       |       |       |       |     2 ||     2
Evoke: Wand              |       |       |       |    11 |     1 ||    12
  Use: Scroll            |       |     5 |     9 |     9 |    11 ||    34
       Potion            |       |       |     3 |     2 |     4 ||     9
 Stab: Sleeping          |       |       |       |     4 |     8 ||    12
       Paralysed         |       |       |       |     2 |       ||     2
       Distracted        |       |       |       |     1 |       ||     1
       Invisible         |       |       |       |       |     3 ||     3
Armor: Animal skin       |    29 |    39 |    36 |    18 |       ||   122
       Robe              |       |       |       |    42 |     6 ||    48
       Steam dragon scal |       |       |       |   146 |   173 ||   319
       Acid dragon scale |       |       |       |       |   304 ||   304
Dodge: Dodged            |    40 |    66 |    91 |   311 |   653 ||  1161
       Repelled          |       |       |       |     7 |     3 ||    10
Block: Kite shield       |       |       |       |       |    74 ||    74

Table legend: (Time is in decaauts)
 A = Elapsed time spent in this place.
 B = Non-inter-level travel time spent in this place.
 C = Inter-level travel time spent in this place.
 D = Time resting spent in this place.
 E = Time spent auto-exploring this place.
 F = Levels seen in this place.
 G = Mean time per level.
                   A        B        C        D        E       F      G
               +--------+--------+--------+--------+--------+-----+--------+
         Total |  19285 |  17918 |   1367 |   1463 |  12480 |  23 |  838.5 |
       Dungeon |  11783 |  10768 |   1015 |    525 |   8097 |  15 |  785.5 |
          Lair |   5484 |   5132 |    352 |    352 |   3651 |   5 | 1096.8 |
        Bailey |    977 |    977 |      0 |    366 |    301 |   1 |  977.0 |
       Volcano |    645 |    645 |      0 |    192 |    216 |   1 |  645.0 |
      Gauntlet |    394 |    394 |      0 |     27 |    214 |   1 |  394.0 |
               +--------+--------+--------+--------+--------+-----+--------+

Top non-repeatable levels by time:
  Lair:5: 1401 daAuts
  Lair:1: 1203 daAuts
  Lair:2: 1135 daAuts
     D:7: 1099 daAuts
     D:6: 1085 daAuts
    D:14: 1079 daAuts
  Lair:3: 989 daAuts
  Bailey: 977 daAuts
     D:5: 938 daAuts
    D:13: 889 daAuts
     D:8: 828 daAuts
     D:9: 779 daAuts
  Lair:4: 753 daAuts
     D:2: 753 daAuts
    D:12: 751 daAuts
